 Dungeon Crawl Stone Soup version 0.24-a0-528-g98e85ec62a (webtiles) character file.

Game seed: 254742706970002440

132 Gynju the Chopper (level 4, 0/39 HPs)
             Began as a Minotaur Fighter on Aug 6, 2019.
             Was an Initiate of the Shining One.
             Succumbed to Crazy Yiuf's poison
             ... on level 2 of the Dungeon.
             The game lasted 00:02:51 (1497 turns).

Gynju the Chopper (Minotaur Fighter)                Turns: 1497, Time: 00:02:52

Health: 0/39       AC:  8    Str: 18 (19) XL:     4   Next: 92%
Magic:  3/3        EV:  7    Int: -2 (1)  God:    the Shining One [......]
Gold:   137        SH:  8    Dex:  7 (10) Spells: 3/3 levels left

rFire    . . .     SeeInvis .   a - +0 war axe
rCold    + . .     Gourm    .   c - +0 shield
rNeg     . . .     Faith    .   b - +0 scale mail
rPois    .         Spirit   .   (helmet restricted)
rElec    .         Reflect  .   (no cloak)
rCorr    .         Harm     .   k - +0 pair of gloves
MR       .....                  (no boots)
Stlth    ..........             (no amulet)
HPRegen  0.13/turn              (no ring)
MPRegen  0.08/turn              (no ring)

@: lethally poisoned (0 -> -6), very slightly contaminated, slowed, lost
intelligence, glowing, invisible (but backlit and visible), very slow
A: retaliatory headbutt, horns 2, cold resistance 1, dopey 2, weak 1
a: Renounce Religion


You were on level 2 of the Dungeon.
You worshipped the Shining One.
The Shining One was noncommittal.
You were not hungry.

You visited 1 branch of the dungeon, and saw 2 of its levels.

You collected 137 gold pieces.

Inventory:

Hand Weapons
 a - a +0 war axe (weapon)
 n - a +4 quarterstaff of chaos
Armour
 b - a +0 scale mail (worn)
 c - a +0 shield (worn)
 k - a +0 pair of gloves (worn)
 u - a +0 cloak
Jewellery
 i - an uncursed ring of ice {unknown}
Scrolls
 e - a scroll of noise {unknown}
 h - a scroll of enchant armour {unknown}
 j - a scroll of remove curse {unknown}
 l - a scroll of magic mapping {unknown}
 m - 2 scrolls of teleportation {unknown}
 o - a scroll of enchant weapon {unknown}
 q - a scroll of blinking {unknown}
 t - a scroll of identify {unknown}
Potions
 d - a potion of might
Comestibles
 f - 6 rations
 g - a chunk of flesh


   Skills:
 - Level 3.6 Fighting
 * Level 6.1 Axes
 - Level 3.6 Armour
 - Level 3.6 Shields
 + Level 0.6 Invocations


You had 3 spell levels left.
You didn't know any spells.
Your spell library was empty.

Dungeon Overview and Level Annotations

Branches:
Dungeon (2/15)

Altars:
The Shining One


Innate Abilities, Weirdness & Mutations

You reflexively headbutt those who attack you in melee.
You have a pair of horns on your head.
Your flesh is cold resistant. (rC+)
You are very dopey. (Int -4)
You are weak. (Str -2)


Message History

You feel sick.
You can move again.
Unknown command.
Okay, then.
There is a lethal amount of poison in your body!
Unknown command.
There is a lethal amount of poison in your body!
There is a lethal amount of poison in your body!
There is a lethal amount of poison in your body!
There is a lethal amount of poison in your body!
n - a +4 quarterstaff of chaos
* * * LOW HITPOINT WARNING * * *
You feel sick.
Wear which item? (? for menu, Esc to quit)
Okay, then.
Wield which item (- for none, * to show all)? (? for menu, Esc to quit)
You can't wield that with a shield.
* * * LOW HITPOINT WARNING * * *
You feel sick.
You die...

####.........#..####.#.......).
#<......#.......# ##.......#.##
#.##.##.#.......# #..........#
#.##.##.#......## #.###.#.####
#.##.########### ### #....#
#.)....# #....# #..)...#######
#....# #........P.#.########
#....#### #..#........#.@##...#
#........ #..#.......####.'...#
#........ #..#.#....## ###..)#
#........ #......#### #####
#...##### ####.### #...# # #.#
#...# # #.# ######## ###
#.############ #.# #..
#.#..........# #.# #.#


There were no monsters in sight!

Vanquished Creatures
  Crazy Yiuf (D:2)
  A hound (D:2)
  2 adders (D:2)
  An ooze (D:2)
  A worm (D:2)
  2 dart slugs
  2 leopard geckos
  An orc (D:2)
  6 bats
  A giant cockroach (D:1)
  8 goblins
  3 hobgoblins
  8 kobolds
  2 frilled lizards (D:1)
  5 rats
44 creatures vanquished.

Notes
Turn   | Place    | Note
-------+----------+-------------------------------------------
     0 | D:1      | Gynju the Minotaur Fighter began the quest for the Orb.
     0 | D:1      | Reached XP level 1. HP: 19/19 MP: 0/0
    48 | D:1      | Reached skill level 3 in Axes
   123 | D:1      | Reached XP level 2. HP: 25/26 MP: 1/1
   567 | D:2      | Reached skill level 4 in Axes
   641 | D:2      | Reached XP level 3. HP: 31/31 MP: 2/2
   914 | D:2      | Reached skill level 5 in Axes
  1188 | D:2      | Reached XP level 4. HP: 39/39 MP: 3/3
  1218 | D:2      | Found a runed translucent door.
  1219 | D:2      | Noticed Crazy Yiuf
  1331 | D:2      | Found a glowing golden altar of the Shining One.
  1338 | D:2      | Became a worshipper of the Shining One
  1482 | D:2      | Killed Crazy Yiuf
  1482 | D:2      | Reached skill level 6 in Axes
  1488 | D:2      | Gained mutation: You are weak. (Str -2) [potion of
                  | mutation]
  1488 | D:2      | Gained mutation: You are dopey. (Int -2) [potion of
                  | mutation]
  1488 | D:2      | Gained mutation: You are very dopey. (Int -4) [potion of
                  | mutation]
  1488 | D:2      | Gained mutation: Your flesh is cold resistant. (rC+)
                  | [potion of mutation]
  1491 | D:2      | Lost intelligence.
  1495 | D:2      | HP: 1/39 [poisoned by Crazy Yiuf]
  1497 | D:2      | Succumbed to Crazy Yiuf's poison

Levels and vault maps discovered:
D:1:      minmay_arrival_up_and_down, layout_loops_ring
D:2:      layout_loops_cross, nicolae_tso_swordbearing_angel,
          uniq_crazy_yiuf_cottage

Skill      XL: |  1  2  3  4 |
---------------+-------------+-----
Axes           | 3 4 5 6 |  6.1
Fighting       | |  3.6
Armour         | |  3.6
Shields        | |  3.6
Invocations    | |  0.6

Action                   |  1- 3 |  4- 6 || total
-------------------------+-------+-------++-------
Melee: War axe           |    87 |    15 ||   102
       Headbutt          |    11 |     1 ||    12
  Use: Potion            |       |     4 ||     4
  Eat: Chunk             |     1 |     1 ||     2
Armor: Scale mail        |    27 |     6 ||    33
Dodge: Dodged            |    27 |     5 ||    32
Block: Shield            |    40 |     5 ||    45

Table legend:
 A = Non-vault XP
 B = Vault XP
 C = Vault XP percentage of total XP
 D = Non-vault monster count
 E = Vault monster count
 F = Vault count percentage of total count
                 A         B        C        D         E       F
            +---------+---------+-------+---------+---------+-------
      Total |     147 |      42 |  22.2 |      43 |       1 |   2.3
            +---------+---------+-------+---------+---------+-------
        D:1 |      27 |       0 |   0.0 |      16 |       0 |   0.0
        D:2 |     120 |      42 |  25.9 |      27 |       1 |   3.6
            +---------+---------+-------+---------+---------+-------
